[ PARTIDA AOE2 · #471854799 ]
UnrankedChinos vs Khmer
[ ANÁLISIS DE REPETICIÓN · EXTRAÍDO DE LA PARTIDA GRABADA ]
Feudal
12:29
Castillos
17:17
Imperial
—
| APM promedio | 16.5 |
| APM pico | 49 |
| eAPM promedio | 8.1 |
| Aldeanos / militares | 54 / 0 |
Foco
⚔️ 5.7% · 🌾 94.3%
Feudal
9:30
Castillos
—
Imperial
—
| APM promedio | 5.9 |
| APM pico | 28 |
| eAPM promedio | 2.9 |
| Aldeanos / militares | 25 / 0 |
Foco
⚔️ 8.2% · 🌾 91.8%
Feudal
—
Castillos
—
Imperial
—
| APM promedio | 19.0 |
| APM pico | 39 |
| eAPM promedio | 8.0 |
| Aldeanos / militares | 31 / 17 |
Foco
⚔️ 20.6% · 🌾 79.4%
Militia ×14 · Fishing Ship ×3 · Knight ×2 · Battering Ram ×1
Feudal
11:58
Castillos
17:07
Imperial
—
| APM promedio | 22.0 |
| APM pico | 56 |
| eAPM promedio | 11.4 |
| Aldeanos / militares | 40 / 3 |
Foco
⚔️ 9.7% · 🌾 90.3%
Fishing Ship ×7 · Demolition Raft ×3
Feudal
10:57
Castillos
—
Imperial
—
| APM promedio | 24.6 |
| APM pico | 62 |
| eAPM promedio | 12.7 |
| Aldeanos / militares | 31 / 0 |
Foco
⚔️ 3.2% · 🌾 96.8%
Feudal
—
Castillos
—
Imperial
—
| APM promedio | 8.4 |
| APM pico | 27 |
| eAPM promedio | 5.7 |
| Aldeanos / militares | 48 / 9 |
Foco
⚔️ 14.3% · 🌾 85.7%
Militia ×9 · Trade Cart ×7
Feudal
—
Castillos
—
Imperial
—
| APM promedio | 0.5 |
| APM pico | 6 |
| eAPM promedio | 0.5 |
| Aldeanos / militares | 0 / 0 |
Feudal
12:02
Castillos
20:18
Imperial
—
| APM promedio | 13.8 |
| APM pico | 46 |
| eAPM promedio | 10.3 |
| Aldeanos / militares | 39 / 6 |
Foco
⚔️ 10.6% · 🌾 89.4%
Fishing Ship ×12 · Spearman ×4 · Militia ×1 · Demolition Raft ×1
Mapa de la partida
Recursos iniciales + cada clic de construcción. Líneas = muros · curvas = relieve. ◆ oro · ⬟ piedra · ● bayas · ✦ reliquia · ◌ hueco del cierre
Tu base· ✓ Separados por el mapa
Base de *****· ✓ Separados por el mapa
Base de asdf3325· ✓ Separados por el mapa
Base de 小徐超温柔· ✓ Separados por el mapa
Base de Augustus· ✓ Separados por el mapa
Base de kike950930· ✓ Separados por el mapa
Base de 千早灌世音· ✓ Separados por el mapa
Base de weird_alien· ✓ Separados por el mapa
Terreno inicial suavizado · ◌ = hueco del cierre detectado · pasá el cursor para detalles
Inputs por minuto
— ClownTT - - *****
Build order — ClownTT
104 acciones detectadas en el replay
| 0:08 | Construir | Mill |
| 0:27 | Investigar | Loom |
| 1:19 | Crear | Villager (Male) |
| 2:22 | Crear | Villager (Male) |
| 2:23 | Crear | Villager (Male) |
| 2:23 | Crear | Villager (Male) |
| 3:25 | Crear | Villager (Male) |
| 3:25 | Crear | Villager (Male) |
| 3:40 | Crear | Villager (Male) |
| 3:46 | Crear | Villager (Male) |
| 4:13 | Crear | Villager (Male) |
| 4:13 | Crear | Villager (Male) |
| 4:35 | Construir | House |
| 4:36 | Construir | House |
| 4:46 | Construir | House |
| 4:52 | Crear | Villager (Male) |
| 4:52 | Crear | Villager (Male) |
| 4:53 | Crear | Villager (Male) |
| 5:24 | Crear | Villager (Male) |
| 5:24 | Crear | Villager (Male) |
| 5:25 | Crear | Villager (Male) |
| 6:21 | Construir | Mill |
| 6:41 | Crear | Villager (Male) |
| 6:41 | Crear | Villager (Male) |
| 6:42 | Crear | Villager (Male) |
| 6:42 | Crear | Villager (Male) |
| 7:07 | Crear | Villager (Male) |
| 7:07 | Crear | Villager (Male) |
| 7:33 | Construir | Lumber Camp |
| 7:47 | Construir | Lumber Camp |
| 8:05 | Crear | Villager (Male) |
| 8:06 | Crear | Villager (Male) |
| 8:06 | Crear | Villager (Male) |
| 8:19 | Construir | Mining Camp |
| 9:03 | Construir | Mill |
| 10:19 | Investigar | Feudal Age |
| 10:37 | Construir | Mining Camp |
| 10:50 | Construir | Farm |
| 10:56 | Construir | Farm |
| 11:15 | Crear | Villager (Male) |
| 11:15 | Crear | Villager (Male) |
| 12:29 | Edad | Edad Feudal |
| 12:35 | Construir | Market |
| 13:23 | Construir | Blacksmith |
| 14:37 | Investigar | Castle Age |
| 14:38 | Investigar | Castle Age |
| 14:39 | Crear | Villager (Male) |
| 14:39 | Crear | Villager (Male) |
| 14:40 | Crear | Villager (Male) |
| 14:40 | Crear | Villager (Male) |
| 14:46 | Investigar | Double-Bit Axe |
| 15:09 | Investigar | Stone Mining |
| 15:19 | Construir | Farm |
| 15:22 | Construir | Farm |
| 15:38 | Construir | Farm |
| 15:50 | Construir | Farm |
| 16:25 | Construir | House |
| 16:27 | Construir | House |
| 16:30 | Construir | House |
| 16:32 | Construir | House |
| 16:35 | Construir | House |
| 16:50 | Crear | Villager (Male) |
| 16:51 | Crear | Villager (Male) |
| 16:51 | Crear | Villager (Male) |
| 16:52 | Crear | Villager (Male) |
| 16:52 | Crear | Villager (Male) |
| 16:55 | Investigar | Gold Mining |
| 17:17 | Edad | Edad de los Castillos |
| 17:28 | Crear | Villager (Male) |
| 17:28 | Crear | Villager (Male) |
| 17:28 | Crear | Villager (Male) |
| 17:29 | Crear | Villager (Male) |
| 17:55 | Construir | Lumber Camp |
| 18:06 | Construir | Farm |
| 18:09 | Construir | Farm |
| 18:28 | Construir | Farm |
| 18:50 | Investigar | Horse Collar |
| 19:10 | Crear | Villager (Male) |
| 19:10 | Crear | Villager (Male) |
| 19:11 | Crear | Villager (Male) |
| 19:11 | Crear | Villager (Male) |
| 19:11 | Crear | Villager (Male) |
| 19:11 | Crear | Villager (Male) |
| 19:12 | Crear | Villager (Male) |
| 19:50 | Investigar | Bow Saw |
| 20:20 | Construir | Town Center |
| 20:30 | Construir | Farm |
| 20:53 | Construir | Farm |
| 21:03 | Investigar | Stone Shaft Mining |
| 21:10 | Crear | Villager (Male) |
| 21:10 | Crear | Villager (Male) |
| 21:10 | Crear | Villager (Male) |
| 21:36 | Investigar | Heavy Plow |
| 21:58 | Crear | Villager (Male) |
| 21:58 | Crear | Villager (Male) |
| 21:58 | Crear | Villager (Male) |
| 21:58 | Crear | Villager (Male) |
| 22:58 | Investigar | Fletching |
| 23:15 | Construir | University |
| 23:26 | Investigar | Gold Shaft Mining |
| 24:06 | Construir | Barracks |
| 24:09 | Construir | Barracks |
| 24:11 | Construir | Barracks |
| 24:27 | Construir | Castle |
Build order — *****
42 acciones detectadas en el replay
| 0:10 | Crear | Villager (Male) |
| 0:10 | Crear | Villager (Male) |
| 0:10 | Crear | Villager (Male) |
| 0:11 | Crear | Villager (Male) |
| 0:11 | Crear | Villager (Male) |
| 0:17 | Construir | House |
| 2:58 | Crear | Villager (Male) |
| 2:58 | Crear | Villager (Male) |
| 3:34 | Crear | Villager (Male) |
| 3:34 | Crear | Villager (Male) |
| 3:41 | Construir | House |
| 3:46 | Construir | House |
| 4:29 | Construir | Lumber Camp |
| 7:20 | Investigar | Feudal Age |
| 7:57 | Construir | Mill |
| 8:03 | Crear | Villager (Male) |
| 8:03 | Crear | Villager (Male) |
| 8:53 | Crear | Villager (Male) |
| 8:53 | Crear | Villager (Male) |
| 9:30 | Edad | Edad Feudal |
| 10:00 | Crear | Villager (Male) |
| 10:00 | Crear | Villager (Male) |
| 10:00 | Crear | Villager (Male) |
| 10:00 | Crear | Villager (Male) |
| 10:13 | Investigar | Horse Collar |
| 11:30 | Crear | Villager (Male) |
| 11:31 | Crear | Villager (Male) |
| 11:31 | Crear | Villager (Male) |
| 12:14 | Construir | House |
| 12:22 | Construir | House |
| 12:35 | Construir | House |
| 12:42 | Construir | House |
| 15:47 | Investigar | Wheelbarrow |
| 16:06 | Crear | Villager (Male) |
| 16:07 | Crear | Villager (Male) |
| 16:07 | Crear | Villager (Male) |
| 16:50 | Crear | Villager (Male) |
| 16:50 | Crear | Villager (Male) |
| 17:13 | Construir | Farm |
| 17:17 | Construir | Farm |
| 17:21 | Construir | Farm |
| 17:29 | Construir | Farm |
Build order — asdf3325
92 acciones detectadas en el replay
| 0:05 | Crear | Villager (Male) |
| 0:05 | Crear | Villager (Male) |
| 0:05 | Crear | Villager (Male) |
| 0:06 | Crear | Villager (Male) |
| 0:09 | Construir | House |
| 0:12 | Construir | House |
| 0:15 | Construir | House |
| 1:43 | Crear | Villager (Male) |
| 2:13 | Crear | Villager (Male) |
| 2:14 | Crear | Villager (Male) |
| 2:48 | Crear | Villager (Male) |
| 3:35 | Construir | Dock |
| 3:51 | Crear | Villager (Male) |
| 3:51 | Crear | Villager (Male) |
| 3:52 | Crear | Villager (Male) |
| 3:52 | Crear | Villager (Male) |
| 4:59 | Crear | Villager (Male) |
| 4:59 | Crear | Villager (Male) |
| 5:00 | Crear | Villager (Male) |
| 5:07 | Construir | Mill |
| 6:17 | Construir | Lumber Camp |
| 6:43 | Crear | Villager (Male) |
| 6:43 | Crear | Villager (Male) |
| 6:44 | Crear | Villager (Male) |
| 7:17 | Construir | House |
| 7:46 | Crear | Villager (Male) |
| 8:10 | Crear | Fishing Ship |
| 8:38 | Crear | Villager (Male) |
| 9:13 | Construir | Mining Camp |
| 9:29 | Construir | Mill |
| 10:07 | Investigar | Feudal Age |
| 10:50 | Crear | Villager (Male) |
| 11:07 | Construir | House |
| 12:05 | Crear | Villager (Male) |
| 12:37 | Construir | Blacksmith |
| 13:06 | Crear | Villager (Male) |
| 13:07 | Crear | Villager (Male) |
| 13:12 | Construir | Farm |
| 13:23 | Construir | Barracks |
| 13:39 | Construir | Farm |
| 14:12 | Construir | Mining Camp |
| 14:36 | Construir | Stable |
| 14:40 | Crear | Villager (Male) |
| 14:42 | Crear | Villager (Male) |
| 14:54 | Construir | House |
| 14:54 | Construir | House |
| 15:17 | Construir | Farm |
| 15:32 | Crear | Fishing Ship |
| 15:38 | Crear | Militia |
| 15:38 | Investigar | Man-at-Arms (upgrade) |
| 15:39 | Crear | Militia |
| 15:39 | Crear | Militia |
| 15:40 | Crear | Militia |
| 15:40 | Crear | Militia |
| 15:41 | Crear | Militia |
| 15:41 | Crear | Militia |
| 15:43 | Crear | Militia |
| 15:43 | Crear | Militia |
| 15:59 | Investigar | Castle Age |
| 16:03 | Construir | Farm |
| 16:13 | Investigar | Stone Mining |
| 16:19 | Investigar | Double-Bit Axe |
| 16:28 | Construir | House |
| 17:16 | Crear | Fishing Ship |
| 17:21 | Crear | Villager (Male) |
| 17:23 | Crear | Villager (Male) |
| 17:30 | Crear | Militia |
| 17:31 | Crear | Militia |
| 17:31 | Crear | Militia |
| 17:31 | Crear | Militia |
| 17:32 | Crear | Militia |
| 18:04 | Crear | Villager (Male) |
| 18:40 | Construir | Farm |
| 18:40 | Construir | Farm |
| 19:18 | Crear | Knight |
| 19:19 | Crear | Knight |
| 19:23 | Crear | Villager (Male) |
| 19:23 | Crear | Villager (Male) |
| 19:41 | Construir | Siege Workshop |
| 19:46 | Investigar | Bow Saw |
| 20:20 | Construir | House |
| 20:37 | Construir | Farm |
| 20:37 | Construir | Farm |
| 21:03 | Investigar | Stone Mining |
| 21:07 | Crear | Battering Ram |
| 21:19 | Construir | Farm |
| 21:24 | Construir | Farm |
| 21:24 | Construir | Farm |
| 22:31 | Construir | Castle |
| 23:37 | Construir | Castle |
| 23:56 | Investigar | Forging |
| 24:04 | Construir | Lumber Camp |
Build order — 小徐超温柔
88 acciones detectadas en el replay
| 0:01 | Crear | Villager (Male) |
| 0:02 | Crear | Villager (Male) |
| 0:02 | Crear | Villager (Male) |
| 0:02 | Crear | Villager (Male) |
| 0:06 | Construir | House |
| 0:08 | Construir | House |
| 0:11 | Construir | House |
| 0:18 | Construir | House |
| 1:02 | Crear | Villager (Male) |
| 2:54 | Crear | Villager (Male) |
| 2:54 | Crear | Villager (Male) |
| 2:54 | Crear | Villager (Male) |
| 2:55 | Crear | Villager (Male) |
| 3:36 | Construir | Mill |
| 4:03 | Crear | Villager (Male) |
| 4:21 | Crear | Villager (Male) |
| 4:22 | Crear | Villager (Male) |
| 4:40 | Construir | Lumber Camp |
| 5:18 | Crear | Villager (Male) |
| 6:11 | Crear | Villager (Male) |
| 6:12 | Crear | Villager (Male) |
| 6:12 | Crear | Villager (Male) |
| 6:13 | Crear | Villager (Male) |
| 6:29 | Crear | Villager (Male) |
| 6:45 | Construir | House |
| 6:48 | Construir | House |
| 8:09 | Crear | Villager (Male) |
| 8:16 | Construir | House |
| 8:40 | Crear | Villager (Male) |
| 8:41 | Crear | Villager (Male) |
| 8:50 | Construir | Mill |
| 9:07 | Construir | House |
| 9:22 | Construir | Dock |
| 9:31 | Crear | Villager (Male) |
| 9:44 | Investigar | Feudal Age |
| 10:08 | Construir | House |
| 10:10 | Construir | House |
| 11:24 | Crear | Villager (Male) |
| 11:25 | Crear | Villager (Male) |
| 11:25 | Crear | Villager (Male) |
| 11:25 | Crear | Villager (Male) |
| 11:25 | Crear | Villager (Male) |
| 11:58 | Crear | Villager (Male) |
| 11:58 | Crear | Villager (Male) |
| 11:58 | Crear | Villager (Male) |
| 11:58 | Edad | Edad Feudal |
| 12:03 | Investigar | Double-Bit Axe |
| 12:51 | Crear | Villager (Male) |
| 13:23 | Construir | Market |
| 13:52 | Construir | Blacksmith |
| 14:37 | Investigar | Castle Age |
| 14:42 | Investigar | Castle Age |
| 14:55 | Construir | Mining Camp |
| 15:30 | Investigar | Gold Mining |
| 15:33 | Investigar | Stone Mining |
| 16:03 | Crear | Fishing Ship |
| 16:04 | Crear | Fishing Ship |
| 16:04 | Crear | Fishing Ship |
| 17:07 | Edad | Edad de los Castillos |
| 17:08 | Crear | Villager (Male) |
| 17:08 | Crear | Villager (Male) |
| 17:08 | Crear | Villager (Male) |
| 18:01 | Construir | Castle |
| 21:36 | Construir | Town Center |
| 21:48 | Construir | Farm |
| 21:49 | Construir | Farm |
| 21:50 | Construir | Farm |
| 21:51 | Construir | Farm |
| 21:52 | Construir | Farm |
| 21:57 | Construir | Farm |
| 21:59 | Construir | Farm |
| 22:02 | Construir | Farm |
| 22:19 | Crear | Demolition Raft |
| 22:19 | Crear | Demolition Raft |
| 22:20 | Crear | Demolition Raft |
| 22:24 | Crear | Fishing Ship |
| 22:24 | Crear | Fishing Ship |
| 22:24 | Crear | Fishing Ship |
| 22:25 | Crear | Fishing Ship |
| 23:39 | Construir | Castle |
| 23:44 | Crear | Villager (Male) |
| 23:44 | Crear | Villager (Male) |
| 23:45 | Crear | Villager (Male) |
| 23:45 | Crear | Villager (Male) |
| 23:45 | Crear | Villager (Male) |
| 23:45 | Crear | Villager (Male) |
| 23:50 | Investigar | Wheelbarrow |
| 24:02 | Construir | Lumber Camp |
Build order — Augustus
52 acciones detectadas en el replay
| 0:01 | Crear | Villager (Male) |
| 0:02 | Crear | Villager (Male) |
| 0:04 | Construir | House |
| 0:05 | Construir | House |
| 0:31 | Crear | Villager (Male) |
| 0:38 | Crear | Villager (Male) |
| 1:25 | Crear | Villager (Male) |
| 1:25 | Crear | Villager (Male) |
| 1:47 | Construir | Lumber Camp |
| 1:54 | Crear | Villager (Male) |
| 2:26 | Crear | Villager (Male) |
| 2:26 | Crear | Villager (Male) |
| 2:42 | Crear | Villager (Male) |
| 3:14 | Crear | Villager (Male) |
| 3:31 | Crear | Villager (Male) |
| 3:42 | Construir | Mill |
| 4:05 | Crear | Villager (Male) |
| 4:05 | Crear | Villager (Male) |
| 4:13 | Construir | House |
| 4:33 | Crear | Villager (Male) |
| 4:42 | Crear | Villager (Male) |
| 5:06 | Construir | House |
| 5:19 | Crear | Villager (Male) |
| 5:31 | Construir | Farm |
| 5:34 | Construir | Farm |
| 5:35 | Crear | Villager (Male) |
| 5:59 | Crear | Villager (Male) |
| 6:23 | Construir | Mill |
| 6:30 | Crear | Villager (Male) |
| 6:46 | Crear | Villager (Male) |
| 7:14 | Crear | Villager (Male) |
| 7:37 | Construir | Farm |
| 7:39 | Crear | Villager (Male) |
| 7:51 | Crear | Villager (Male) |
| 8:29 | Crear | Villager (Male) |
| 8:41 | Construir | House |
| 8:47 | Investigar | Feudal Age |
| 8:47 | Investigar | Feudal Age |
| 8:50 | Construir | Mining Camp |
| 9:48 | Crear | Villager (Male) |
| 10:26 | Crear | Villager (Male) |
| 10:53 | Crear | Villager (Male) |
| 10:57 | Edad | Edad Feudal |
| 11:16 | Crear | Villager (Male) |
| 11:20 | Construir | Blacksmith |
| 11:26 | Construir | Market |
| 12:41 | Investigar | Castle Age |
| 12:41 | Investigar | Castle Age |
| 12:52 | Investigar | Gold Mining |
| 13:12 | Investigar | Double-Bit Axe |
| 14:06 | Crear | Villager (Male) |
| 14:08 | Crear | Villager (Male) |
Build order — kike950930
110 acciones detectadas en el replay
| 0:29 | Crear | Villager (Male) |
| 0:29 | Crear | Villager (Male) |
| 0:29 | Crear | Villager (Male) |
| 0:30 | Crear | Villager (Male) |
| 0:30 | Crear | Villager (Male) |
| 0:30 | Crear | Villager (Male) |
| 0:31 | Crear | Villager (Male) |
| 0:46 | Construir | House |
| 0:48 | Construir | House |
| 0:49 | Construir | House |
| 0:50 | Construir | House |
| 2:48 | Construir | Lumber Camp |
| 3:14 | Crear | Villager (Male) |
| 3:14 | Crear | Villager (Male) |
| 3:14 | Crear | Villager (Male) |
| 3:14 | Crear | Villager (Male) |
| 3:15 | Crear | Villager (Male) |
| 3:15 | Crear | Villager (Male) |
| 4:30 | Crear | Villager (Male) |
| 4:30 | Crear | Villager (Male) |
| 4:30 | Crear | Villager (Male) |
| 4:30 | Crear | Villager (Male) |
| 4:31 | Crear | Villager (Male) |
| 7:21 | Construir | Mill |
| 7:53 | Crear | Villager (Male) |
| 7:57 | Crear | Villager (Male) |
| 8:49 | Investigar | Feudal Age |
| 8:59 | Construir | Barracks |
| 10:10 | Crear | Villager (Male) |
| 10:10 | Crear | Villager (Male) |
| 10:10 | Crear | Villager (Male) |
| 10:11 | Crear | Villager (Male) |
| 10:11 | Crear | Villager (Male) |
| 10:11 | Crear | Villager (Male) |
| 10:50 | Construir | Mining Camp |
| 11:09 | Investigar | Double-Bit Axe |
| 11:31 | Investigar | Horse Collar |
| 12:21 | Construir | Farm |
| 12:26 | Construir | Farm |
| 12:31 | Construir | Farm |
| 12:47 | Construir | Farm |
| 12:53 | Crear | Villager (Male) |
| 12:53 | Crear | Villager (Male) |
| 12:54 | Crear | Villager (Male) |
| 12:54 | Crear | Villager (Male) |
| 12:54 | Crear | Villager (Male) |
| 12:54 | Crear | Villager (Male) |
| 13:11 | Construir | Farm |
| 13:35 | Construir | Farm |
| 13:49 | Construir | Farm |
| 13:58 | Construir | House |
| 14:00 | Construir | House |
| 14:13 | Construir | Farm |
| 14:15 | Crear | Villager (Male) |
| 14:15 | Crear | Villager (Male) |
| 14:15 | Crear | Villager (Male) |
| 14:15 | Crear | Villager (Male) |
| 14:16 | Crear | Villager (Male) |
| 14:16 | Crear | Villager (Male) |
| 14:37 | Construir | Farm |
| 15:14 | Construir | Farm |
| 15:25 | Construir | Market |
| 15:40 | Construir | Farm |
| 15:58 | Construir | Farm |
| 16:05 | Investigar | Gold Mining |
| 16:40 | Investigar | Wheelbarrow |
| 16:42 | Crear | Villager (Male) |
| 16:42 | Crear | Villager (Male) |
| 16:43 | Crear | Villager (Male) |
| 16:44 | Crear | Villager (Male) |
| 16:56 | Construir | Blacksmith |
| 17:43 | Crear | Trade Cart |
| 17:44 | Crear | Trade Cart |
| 17:45 | Crear | Trade Cart |
| 17:45 | Crear | Trade Cart |
| 18:34 | Construir | Farm |
| 18:53 | Construir | Archery Range |
| 19:08 | Construir | Farm |
| 19:19 | Construir | Farm |
| 19:51 | Construir | Lumber Camp |
| 20:00 | Investigar | Castle Age |
| 20:19 | Construir | Stone Wall |
| 20:27 | Construir | Stone Wall |
| 20:36 | Construir | Stone Wall |
| 20:47 | Investigar | Man-at-Arms (upgrade) |
| 20:57 | Investigar | Stone Mining |
| 21:06 | Crear | Trade Cart |
| 21:20 | Crear | Villager (Male) |
| 21:21 | Crear | Villager (Male) |
| 21:21 | Crear | Villager (Male) |
| 21:21 | Crear | Villager (Male) |
| 21:22 | Crear | Villager (Male) |
| 21:22 | Crear | Villager (Male) |
| 21:27 | Crear | Trade Cart |
| 21:31 | Crear | Trade Cart |
| 21:59 | Investigar | Forging |
| 22:25 | Construir | Gate |
| 22:54 | Crear | Militia |
| 22:55 | Crear | Militia |
| 22:55 | Crear | Militia |
| 22:55 | Crear | Militia |
| 22:59 | Crear | Militia |
| 22:59 | Crear | Militia |
| 23:00 | Crear | Militia |
| 23:00 | Crear | Militia |
| 23:00 | Crear | Militia |
| 23:03 | Construir | House |
| 23:04 | Construir | House |
| 23:05 | Construir | House |
| 23:06 | Construir | House |
Build order — 千早灌世音
0 acciones detectadas en el replay
Build order — weird_alien
95 acciones detectadas en el replay
| 0:06 | Construir | House |
| 0:08 | Construir | House |
| 0:14 | Crear | Villager (Male) |
| 0:14 | Crear | Villager (Male) |
| 0:15 | Crear | Villager (Male) |
| 0:15 | Crear | Villager (Male) |
| 0:15 | Crear | Villager (Male) |
| 1:52 | Crear | Villager (Male) |
| 1:53 | Crear | Villager (Male) |
| 2:17 | Construir | Lumber Camp |
| 2:23 | Crear | Villager (Male) |
| 2:37 | Crear | Villager (Male) |
| 3:07 | Crear | Villager (Male) |
| 3:19 | Crear | Villager (Male) |
| 3:52 | Construir | Mill |
| 4:12 | Crear | Villager (Male) |
| 4:12 | Crear | Villager (Male) |
| 4:12 | Crear | Villager (Male) |
| 4:17 | Crear | Villager (Male) |
| 4:17 | Crear | Villager (Male) |
| 4:52 | Crear | Villager (Male) |
| 4:53 | Crear | Villager (Male) |
| 4:59 | Construir | House |
| 6:03 | Crear | Villager (Male) |
| 6:03 | Crear | Villager (Male) |
| 6:31 | Construir | House |
| 6:41 | Construir | Mining Camp |
| 6:57 | Crear | Villager (Male) |
| 6:57 | Crear | Villager (Male) |
| 7:29 | Construir | Mill |
| 7:34 | Crear | Villager (Male) |
| 8:09 | Crear | Villager (Male) |
| 8:20 | Construir | Barracks |
| 8:23 | Crear | Villager (Male) |
| 8:24 | Crear | Villager (Male) |
| 8:49 | Construir | Dock |
| 8:59 | Construir | House |
| 9:07 | Investigar | Loom |
| 9:11 | Investigar | Feudal Age |
| 10:06 | Construir | Lumber Camp |
| 10:13 | Crear | Villager (Male) |
| 10:14 | Crear | Villager (Male) |
| 10:40 | Crear | Fishing Ship |
| 11:07 | Crear | Militia |
| 12:02 | Edad | Edad Feudal |
| 12:08 | Crear | Spearman |
| 12:09 | Crear | Spearman |
| 12:31 | Crear | Villager (Male) |
| 12:33 | Crear | Demolition Raft |
| 12:40 | Construir | Fish Trap |
| 12:52 | Construir | House |
| 12:57 | Construir | House |
| 13:07 | Crear | Spearman |
| 13:07 | Crear | Spearman |
| 13:28 | Crear | Fishing Ship |
| 13:36 | Crear | Villager (Male) |
| 14:20 | Crear | Villager (Male) |
| 14:26 | Construir | Fish Trap |
| 14:34 | Crear | Fishing Ship |
| 14:39 | Crear | Villager (Male) |
| 15:29 | Construir | Blacksmith |
| 16:15 | Construir | Fish Trap |
| 16:55 | Construir | Archery Range |
| 17:15 | Construir | Dock |
| 17:39 | Investigar | Castle Age |
| 17:53 | Construir | Dock |
| 18:15 | Investigar | Double-Bit Axe |
| 18:40 | Investigar | Man-at-Arms (upgrade) |
| 19:00 | Investigar | Wheelbarrow |
| 19:15 | Construir | House |
| 20:18 | Edad | Edad de los Castillos |
| 20:31 | Construir | Town Center |
| 20:42 | Investigar | Pikeman (upgrade) |
| 20:43 | Investigar | Long Swordsman (upgrade) |
| 20:44 | Investigar | Squires |
| 20:46 | Crear | Villager (Male) |
| 20:47 | Crear | Villager (Male) |
| 20:47 | Crear | Villager (Male) |
| 21:02 | Investigar | Tech 906 |
| 21:04 | Crear | Fishing Ship ×5 |
| 21:34 | Construir | Town Center |
| 21:40 | Investigar | Bow Saw |
| 21:49 | Construir | Lumber Camp |
| 22:00 | Construir | Lumber Camp |
| 22:18 | Crear | Villager (Male) |
| 22:18 | Crear | Villager (Male) |
| 22:29 | Crear | Fishing Ship ×4 |
| 22:41 | Construir | Fish Trap |
| 22:54 | Construir | Fish Trap |
| 23:32 | Crear | Villager (Male) |
| 23:32 | Crear | Villager (Male) |
| 23:47 | Construir | Fish Trap |
| 23:49 | Construir | Fish Trap |
| 23:58 | Construir | Fish Trap |
| 23:59 | Construir | Fish Trap |
Cronología de la partida
| 3:35 | asdf3325 · first_building Dock |
| 8:20 | weird_alien · first_building Barracks |
| 8:49 | weird_alien · first_building Dock |
| 8:59 | kike950930 · first_building Barracks |
| 9:22 | 小徐超温柔 · first_building Dock |
| 9:30 | ***** · age_up feudal |
| 10:57 | Augustus · age_up feudal |
| 11:58 | 小徐超温柔 · age_up feudal |
| 12:02 | weird_alien · age_up feudal |
| 12:29 | ClownTT · age_up feudal |
| 13:23 | asdf3325 · first_building Barracks |
| 14:36 | asdf3325 · first_building Stable |
| 14:44 | Augustus · resign |
| 16:55 | weird_alien · first_building Archery Range |
| 17:07 | 小徐超温柔 · age_up castle |
| 17:17 | ClownTT · age_up castle |
| 18:01 | 小徐超温柔 · first_building Castle |
| 18:53 | kike950930 · first_building Archery Range |
| 19:41 | asdf3325 · first_building Siege Workshop |
| 20:18 | weird_alien · age_up castle |
| 20:19 | kike950930 · wall_segment Stone Wall x8 |
| 20:27 | kike950930 · wall_segment Stone Wall x14 |
| 20:36 | kike950930 · wall_segment Stone Wall x7 |
| 22:31 | asdf3325 · first_building Castle |
| 24:06 | ClownTT · first_building Barracks |
| 24:27 | ClownTT · first_building Castle |
[ ANÁLISIS IA · 1 CRÉDITO ]
¿Qué pasó realmente en esta partida?
Wolo.gg analiza cada decisión: build order, eco, micro, errores típicos por bracket. Análisis personalizado por WhatsApp o Discord en 30 segundos.
Guía civ
Chinos
Perfil
Jugador #9105756